 Dungeon Crawl Stone Soup version 0.27-a0-379-g34d631faf5 (webtiles) character file.

Game seed: 10297172326012704450

268 CryoSword the Changer (level 5, 0/42 HPs)
             Began as a Demigod Transmuter on Feb 17, 2021.
             Succumbed to an adder's poison
             ... on level 4 of the Dungeon.
             The game lasted 00:06:27 (4219 turns).

CryoSword the Changer (Demigod Transmuter)          Turns: 4219, Time: 00:06:27

Health: 0/42       AC:  5    Str: 14 (15) XL:     5   Next: 68%
Magic:  9/10       EV: 11    Int: 13 (15) God:
Gold:   116        SH:  0    Dex: 12 (14) Spells: 4/7 levels left

rFire    . . .     SeeInvis .     - Unarmed
rCold    . . .     Faith    .   (no shield)
rNeg     . . .     Spirit   .   h - +0 leather armour
rPois    .         Reflect  .   (helmet unavailable)
rElec    .         Harm     .   (no cloak)
rCorr    .         Rampage  .   (no gloves)
Will     .....                  (boots currently unavailable)
Stlth    +.........             (no amulet)
HPRegen  0.14/turn              (no ring)
MPRegen  0.12/turn              (no ring)

@: lethally poisoned (0 -> -6), appendages
A: horns 3, talons 2, icy blue scales 1, blink, high mp 1
a: End Transformation, Blink


You were on level 4 of the Dungeon.
You had grown temporary horns.
You had grown temporary talons.
You visited 1 branch of the dungeon, and saw 4 of its levels.

You collected 116 gold pieces.

Inventory:

Missiles
 c - 47 stones (quivered)
Armour
 h - a +0 leather armour (worn)
   (You found it on level 2 of the Dungeon)
 j - a +2 hat (melded)
   (You found it on level 3 of the Dungeon)
Wands
 a - a wand of digging (1)
   (You found it on level 2 of the Dungeon)
Scrolls
 g - a scroll of enchant armour {unknown}
 l - a scroll of amnesia {unknown}
 n - 2 scrolls of identify {@r1}
Potions
 d - a potion of invisibility
 f - a potion of flight


   Skills:
 + Level 2.7 Fighting
 - Level 1.7 Dodging
 + Level 3.8 Unarmed Combat
 - Level 1.7 Spellcasting
 * Level 4.2 Transmutations


You had 4 spell levels left.
You knew the following spells:

 Your Spells              Type           Power        Failure   Level
a - Beastly Appendage     Tmut           24%          6%          1
b - Wereblood             Tmut           12%          9%          2

Your spell library contained the following spells:

 Spells                   Type           Power        Failure   Level
 Spider Form              Tmut/Pois      3%           38%         3
 Ice Form                 Ice/Tmut       6%           80%         4
 Blade Hands              Tmut           6%           85%         5


Dungeon Overview and Level Annotations

Branches:
Dungeon (4/15)
 Temple: D:4-7


Innate Abilities, Weirdness & Mutations

You have an increased reservoir of magic. (+10% MP)
You have a pair of large horns on your head.
You have razor-sharp toenails.
You are partially covered in icy blue scales. (AC +2)
You can translocate small distances at will.


Message History

You kill the orc!
Your primal bloodlust is almost over.
The orc hits you.
* * * LOW HITPOINT WARNING * * *
You punch the orc!
You kill the orc!
You punch the bullfrog skeleton! You claw the bullfrog skeleton!
The bullfrog skeleton completely misses you.
You hit the bullfrog skeleton. You claw the bullfrog skeleton.
You destroy the bullfrog skeleton!
Your Transmutations skill increases to level 4!
Your primal bloodlust has ended.
There is a stone staircase leading up here.
Your horns disappear.
Your talons disappear.
Your +2 hat unmelds from your body.
You climb upwards.
There is a stone staircase leading down here.
You start resting.
You start resting.
You climb downwards.
You hear the sound of rushing water.
There is an entrance to a sewer on this level.
Hurry and find it before the portal rusts away!
You hear the rusting of a very distant drain.
There is a stone staircase leading up here.
Found 10 gold pieces.
You now have 116 gold pieces (gained 10).
As you read the scroll labelled FESHRA XULANO, it crumbles to dust.
It is a scroll of enchant weapon.
You aren't carrying any weapons that can be enchanted.
As you read the scroll labelled GUSONTUSARA, it crumbles to dust.
You feel strangely unstable.
It was a scroll of teleportation.
As you read the scroll labelled ZUAHIN PATOV, it crumbles to dust.
You feel aware of your surroundings.
You sensed 1 altar, and 1 shop/portal.
It was a scroll of magic mapping.
Okay, then.
Your surroundings suddenly seem different.
An orc comes into view.
Found 19 gold pieces and an arbalest.
Found a stone staircase leading down.
Found a stone staircase leading up.
You see here an arbalest.
You hit the orc but do no damage. The orc hits you but does no damage.
You barely miss the orc. The orc closely misses you.
You punch the orc!
You kill the orc!
You see here an orc corpse.
An orc comes into view. It is wielding a +0 whip.
The orc shouts!
An orc comes into view. It is wielding a +0 club.
An orc wizard comes into view. It is wielding a +0 dagger.
An orc comes into view. It is wielding a +0 club.
The orc shouts!
The orc hits you with a +0 whip.
You barely miss the orc. You closely miss the orc.
The orc hits you with a +0 whip.
You barely miss the orc. The orc barely misses you.
You hit the orc.
You grow a pair of large bovine horns.
Your feet morph into talons.
Your +2 hat melds into your body.
The orc barely misses you.
You hit the orc wizard. The orc completely misses you.
You hit the orc wizard. Your kick misses the orc wizard.
You headbutt the orc wizard! The orc closely misses you. x2
Your blood is infused with primal strength.
The orc wizard hits you with a +0 dagger.
The orc hits you with a +0 club. The orc closely misses you.
The orc hits you with a +0 whip.
You hit the orc wizard but do no damage.
Your kick misses the orc wizard.
The orc wizard hits you but does no damage.
The orc hits you but does no damage. The orc hits you with a +0 club.
You hit the orc wizard but do no damage.
Your kick misses the orc wizard. Your headbutt misses the orc wizard.
The orc closely misses you.
The orc wizard points at you and mumbles some strange words.
The puff of flame hits you!
* * * LOW HITPOINT WARNING * * *
The orc barely misses you. The orc closely misses you.
You closely miss the orc wizard. You headbutt the orc wizard.
You kill the orc wizard!
The orc hits you but does no damage.
You hit the orc. The orc hits you but does no damage.
The orc barely misses you. x2
You barely miss the orc. You claw the orc, but do no damage.
You headbutt the orc.
You kill the orc!
The orc hits you but does no damage. The orc closely misses you.
You hit the orc.
You kill the orc!
You howl as the wereblood boils in your veins!
The orc barely misses you.
You punch the orc!
You kill the orc!
Your transformation is almost over.
You hear the rusting of a distant drain.
Your primal bloodlust is almost over.
Your horns disappear.
Your talons disappear.
Your +2 hat unmelds from your body.
Your primal bloodlust has ended.
Found 11 gold pieces.
Found a scroll of identify.
Found a quarterstaff.
Found 4 gold pieces.
An adder comes into view.
The adder hisses angrily.
You hit the adder. The adder closely misses you.
You hit the adder. The adder bites you.
* * * LOW HITPOINT WARNING * * *
You are poisoned.
The adder poisons you!
You barely miss the adder.
You feel sick. The adder closely misses you.
You hit the adder but do no damage.
The adder bites you but does no damage. x2
You miss the adder. The adder closely misses you.
You hit the adder. The adder closely misses you.
You hit the adder.
You feel sick. The adder bites you.
* * * LOW HITPOINT WARNING * * *
You grow a pair of large bovine horns.
Your feet morph into talons.
Your +2 hat melds into your body.
The adder bites you but does no damage. The adder bites you.
* * * LOW HITPOINT WARNING * * *
You are more poisoned.
The adder poisons you!
You barely miss the adder.
You feel sick. The adder bites you.
* * * LOW HITPOINT WARNING * * *
You are lethally poisoned!
The adder poisons you!
It was a potion of degeneration.
There was something very wrong with that liquid.
You feel weakened.
You feel dopey.
You feel clumsy.
* * * LOW HITPOINT WARNING * * *
You feel sick. The adder bites you.
* * * LOW HITPOINT WARNING * * *
Okay, then.
You hit the adder. You headbutt the adder.
You kill the adder!
* * * LOW HITPOINT WARNING * * *
You feel sick.
Found a stone staircase leading down.
You see here an adder corpse.
Really quaff
e - a potion of mutation {!q}?
Really quaff the potion of mutation?
You feel extremely strange.
You feel jittery.
Icy blue scales grow over part of your body.
The horns on your head grow some more.
* * * LOW HITPOINT WARNING * * *
You feel sick.
Okay, then.
You die...

,,*,,,,,,,,*,,,,,,,*,*≈*****≈*≈**
*******,,,.#.,,<...+.##,≈,≈,**≈*
,* #.............#..********≈*
,#####........##.....#≈≈,≈≈≈≈≈**
,#...#...............#***********
,+$..#...............#,*,*,,,,,,,
,+...#.......),......#,*,*,,,,,,,
,#...#.......,*#....#*,*,,,,,,,,,
,#...#...#######@$..##.*****,****
,#.............†......>.,,,,,*
##....#######.###...###.,,,,**
....#..#***#....*...#*,,***,,*
###.##..........#####*,**,**,***
,,#.#*............**,,,*,,,*,,,**
#.#.#*........#...#,,****+****,,*
.,#.#*?.......#.....**,*,,,*,**,*
###.#*........#.....+,,+,,,+,,*,*


There were no monsters in sight!

Vanquished Creatures
  An orc priest (D:4)
  A bullfrog skeleton (D:4)
  3 orc wizards
  6 adders
  2 worms (D:3)
  A dart slug (D:2)
  3 leopard geckos
  8 orcs
  A giant cockroach (D:3)
  5 hobgoblins
  6 jackals
  5 kobolds
  A quokka (D:3)
  2 ball pythons
  8 bats
  3 frilled lizards
  9 goblins
  4 rats
69 creatures vanquished.

Vanquished Creatures (others)
  11 plants
11 creatures vanquished.

Grand Total: 80 creatures vanquished

Notes
Turn   | Place    | Note
-------+----------+-------------------------------------------
     0 | D:1      | CryoSword the Demigod Transmuter began the quest for the
                  | Orb.
     0 | D:1      | Reached XP level 1. HP: 15/15 MP: 5/5
    42 | D:1      | Reached skill level 1 in Fighting
    86 | D:1      | Reached skill level 2 in Transmutations
   552 | D:1      | Reached XP level 2. HP: 19/23 MP: 5/7
   609 | D:1      | Learned a level 2 spell: Wereblood
  1145 | D:2      | Found a glowing silver altar of Zin.
  1447 | D:2      | Found a shimmering blue altar of Sif Muna.
  1447 | D:2      | Found an iron altar of Okawaru.
  1456 | D:2      | Found a faded altar of an unknown god.
  1458 | D:2      | Found a blossoming altar of Fedhas.
  1460 | D:2      | Found a shadowy altar of Dithmenos.
  1635 | D:2      | Reached XP level 3. HP: 27/28 MP: 6/8
  2220 | D:2      | Found an opulent altar of Gozag.
  2385 | D:2      | Reached skill level 3 in Transmutations
  2764 | D:3      | Reached XP level 4. HP: 28/36 MP: 7/9
  2879 | D:3      | Found a sparkling altar of Nemelex Xobeh.
  2995 | D:3      | Found a sacrificial altar of Ru.
  3900 | D:4      | Reached XP level 5. HP: 42/42 MP: 8/10
  3927 | D:4      | Reached skill level 4 in Transmutations
  4217 | D:4      | HP: 2/42 [poisoned by an adder]
  4218 | D:4      | Gained mutation: You can translocate small distances at
                  | will. [potion of mutation]
  4218 | D:4      | Gained mutation: You are partially covered in icy blue
                  | scales. (AC +2) [potion of mutation]
  4218 | D:4      | Gained mutation: You have a pair of large horns on your
                  | head. [potion of mutation]
  4219 | D:4      | Succumbed to an adder's poison

Illustrated notes

Levels and vault maps discovered:
D:1:      lightli_arrival_windingriver, layout_basic
D:2:      layout_loops_ring, pdpol_temple_overflow_zin_treasury_gozag_greed,
          chequers_temple_overflow_minitemple, serial_bayou,
          serial_bayou_crossing, serial_bayou_lake_a
D:3:      layout_basic, nicolae_ru_great_annihilating_truth,
          nemelex_altar_shiori, serial_bayou, serial_bayou_shore_b,
          serial_bayou_lagoon_a, serial_bayou_shore_b, serial_bayou_pond_e,
          palyth_stone_intersect
D:4:      cheibrodos_greedy_goblins, layout_basic, general_overflow_altar,
          gup_sewer_entry_spiral, minmay_misc_feat_iff,
          kennysheep_generic_room_5

Skill      XL: |  1  2  3  4  5 |
---------------+----------------+-----
Fighting       | 1 2 |  2.7
Transmutations | 2 3 4 |  4.2
Unarmed Combat | 3 |  3.8
Dodging        | |  1.7
Spellcasting   | |  1.7

Action                   |  1- 3 |  4- 6 || total
-------------------------+-------+-------++-------
Melee: Unarmed           |   113 |    99 ||   212
       Kick              |    17 |    23 ||    40
       Headbutt          |    12 |    13 ||    25
       Punch             |       |     1 ||     1
 Cast: Beastly Appendage |    28 |    15 ||    43
       Wereblood         |     1 |     2 ||     3
  Use: Scroll            |     3 |     3 ||     6
       Potion            |       |     2 ||     2
 Stab: Paralysed         |       |     2 ||     2
Armor: Robe              |    19 |       ||    19
       Leather armour    |    23 |    19 ||    42
Dodge: Dodged            |    81 |    54 ||   135

Table legend: (Time is in decaauts)
 A = Elapsed time spent in this place.
 B = Non-inter-level travel time spent in this place.
 C = Inter-level travel time spent in this place.
 D = Time resting spent in this place.
 E = Time spent auto-exploring this place.
 F = Levels seen in this place.
 G = Mean time per level.
                   A        B        C        D        E       F      G
               +--------+--------+--------+--------+--------+-----+--------+
         Total |   4266 |   4097 |    169 |    735 |   2753 |   4 | 1066.5 |
       Dungeon |   4266 |   4097 |    169 |    735 |   2753 |   4 | 1066.5 |
               +--------+--------+--------+--------+--------+-----+--------+

Top non-repeatable levels by time:
     D:2: 1692 daAuts
     D:3: 1366 daAuts
     D:1: 1084 daAuts
     D:4: 123 daAuts
